| TOP OF THE 1ST |
|
Bowie Baysox batting - Pitching for Northwest Arkansas Naturals : RHP Matt Voulgaris
|
|
Pitching: RHP Matt Voulgaris
|
|
|
Batting: RHB Ryan Taylor
|
0-0: Called Strike 0-1: Fly out, F7 (Flyball, 7S, EV 92.5 MPH)
|
|
Batting: RHB Willie Manrique
|
0-0: Swinging Strike 0-1: Ball 1-1: Fly out, F9 (Flyball, 9, EV 88.1 MPH)
|
|
Batting: RHB Vince Jackson
|
0-0: Ball 1-0: Ball 2-0: Called Strike 2-1: Swinging Strike 2-2: Strikes out looking
|
| Top of the 1st over - 0 runs, 0 hits, 0 errors, 0 left on base; Bowie 0 - Northwest Arkansas 0 |
| BOTTOM OF THE 1ST |
|
Northwest Arkansas Naturals batting - Pitching for Bowie Baysox : RHP Ryan Hemmerich
|
|
Pitching: RHP Ryan Hemmerich
|
|
|
Batting: RHB Danny Weisse
|
0-0: Called Strike 0-1: Ball 1-1: Ball 2-1: Swinging Strike 2-2: Ball 3-2: Foul Ball, location: 2F 3-2: Ground out 5-3 (Groundball, 56, EV 82.5 MPH)
|
|
Batting: RHB Yi-lin Niu
|
0-0: Foul Ball, location: 2F 0-1: Ball 1-1: Called Strike 1-2: Ball 2-2: Foul Ball, location: 2F 2-2: Fly out, F9 (Flyball, 8RM, EV 90.6 MPH)
|
|
Batting: RHB Kevin Roseen
|
0-0: Ball 1-0: Called Strike 1-1: Called Strike 1-2: Strikes out swinging
|
| Bottom of the 1st over - 0 runs, 0 hits, 0 errors, 0 left on base; Bowie 0 - Northwest Arkansas 0 |
| TOP OF THE 2ND |
|
Bowie Baysox batting - Pitching for Northwest Arkansas Naturals : RHP Matt Voulgaris
|
|
Batting: RHB Jordan Wallace
|
0-0: Foul Ball, location: 2F 0-1: Ball 1-1: Called Strike 1-2: SOLO HOME RUN (Flyball, 7LD, EV 91.9 MPH), Distance : 354 ft
|
|
Batting: RHB Ronnie Cummings
|
0-0: Reached on error, E5 (Groundball, 5, EV 86.9 MPH)
|
|
Batting: RHB Andy Chess
|
0-0: Ball 1-0: Foul Ball, location: 2F 1-1: SINGLE (Line Drive, 56, EV 98.1 MPH) Ronnie Cummings to second
|
|
Pitching: RHP Philip Terrell
|
|
|
Batting: RHB Edwin Ramos
|
0-0: Foul Ball, location: 2F 0-1: DOUBLE (Line Drive, 9LD, EV 110.0 MPH) Ronnie Cummings scores Andy Chess to third
|
|
Batting: RHB Travis Carter
|
0-0: Ball 1-0: Called Strike 1-1: Called Strike 1-2: Ball 2-2: Ball 3-2: Ground out 1-3 (Groundball, 34S, EV 75.0 MPH)
|
|
Batting: RHB Julio Ehm
|
0-0: Ball 1-0: Called Strike 1-1: Foul Ball, location: 2F 1-2: Foul Ball, location: 2F 1-2: Fly out, F9 (Flyball, 9D, EV 88.1 MPH) Runner from 3rd tags up, OUT at HOME! 9-2
|
| Top of the 2nd over - 2 runs, 3 hits, 1 error, 1 left on base; Bowie 2 - Northwest Arkansas 0 |
| BOTTOM OF THE 2ND |
|
Northwest Arkansas Naturals batting - Pitching for Bowie Baysox : RHP Ryan Hemmerich
|
|
Batting: SHB Jason Anaya
|
0-0: Ball 1-0: TRIPLE (Flyball, 78XD, EV 95.6 MPH)
|
|
Batting: RHB Alex Cid
|
0-0: Swinging Strike 0-1: Called Strike 0-2: Ball 1-2: Ball 2-2: Foul Ball, location: 2F 2-2: Fly out, F4 (Line Drive, 4, EV 70.6 MPH)
|
|
Batting: LHB Josh Moore
|
0-0: Ball 1-0: Called Strike 1-1: Ball 2-1: Foul Ball, location: 2F 2-2: Strikes out looking
|
|
Batting: RHB Kevin Allen
|
0-0: Foul Ball, location: 2F 0-1: Ball 1-1: Ball 2-1: Foul Ball, location: 2RF, Error on foul ball, E2 2-2: Ground out 4-3 (Groundball, 4, EV 83.1 MPH)
|
| Bottom of the 2nd over - 0 runs, 1 hit, 1 error, 1 left on base; Bowie 2 - Northwest Arkansas 0 |
| TOP OF THE 3RD |
|
Bowie Baysox batting - Pitching for Northwest Arkansas Naturals : RHP Philip Terrell
|
|
Batting: RHB Ryan Taylor
|
0-0: Ball 1-0: Called Strike 1-1: Swinging Strike 1-2: Ball 2-2: Foul Ball, location: 2F 2-2: Ball 3-2: SINGLE (Groundball, 4D, EV 103.1 MPH)
|
|
Pitching: LHP Jake Warwick
|
|
|
Batting: RHB Willie Manrique
|
0-0: Foul Ball, location: 2F 0-1: Swinging Strike 0-2: Foul Ball, location: 2F 0-2: Ball 1-2: Fly out, F8 (Line Drive, 8RD, EV 85.6 MPH)
|
|
Batting: RHB Vince Jackson
|
0-0: Called Strike 0-1: Foul Ball, location: 2F 0-2: Foul Ball, location: 2F 0-2: Strikes out swinging
|
|
Batting: RHB Jordan Wallace
|
0-0: Foul Ball, location: 2F 0-1: Ball 1-1: Foul Ball, location: 2F 1-2: Ball 2-2: Foul Ball, location: 2F 2-2: Ball 3-2: SINGLE (Line Drive, 56, EV 100.0 MPH) Ryan Taylor to second Ryan Taylor to third
|
|
Batting: RHB Ronnie Cummings
|
0-0: Ball 1-0: Foul Ball, location: 2F 1-1: Swinging Strike 1-2: Foul Ball, location: 2F 1-2: Ball 2-2: 3-RUN HOME RUN (Flyball, 7LD, EV 91.9 MPH), Distance : 336 ft
|
|
Pitching: RHP Vinny Reveles
|
|
|
Batting: RHB Andy Chess
|
0-0: Ball 1-0: Ball 2-0: Ball 3-0: Called Strike 3-1: Ground out 1-3 (Groundball, 15S, EV 62.5 MPH)
|
| Top of the 3rd over - 3 runs, 3 hits, 0 errors, 0 left on base; Bowie 5 - Northwest Arkansas 0 |
| BOTTOM OF THE 3RD |
|
Northwest Arkansas Naturals batting - Pitching for Bowie Baysox : RHP Ryan Hemmerich
|
|
Batting: RHB Ben Minge
|
0-0: Called Strike 0-1: Called Strike 0-2: Strikes out swinging
|
|
Batting: LHB Joel Page
|
0-0: Foul Ball, location: 2F 0-1: Ball 1-1: Foul Ball, location: 2F 1-2: Strikes out swinging
|
|
Batting: RHB Danny Weisse
|
0-0: Ball 1-0: Ball 2-0: Called Strike 2-1: Called Strike 2-2: Ball 3-2: Foul Ball, location: 2F 3-2: Base on Balls
|
|
Batting: RHB Yi-lin Niu
|
0-0: Called Strike Danny Weisse steals 2nd base 0-1: Called Strike 0-2: Fly out, F8 (Flyball, 8LXD, EV 90.0 MPH)
|
| Bottom of the 3rd over - 0 runs, 0 hits, 0 errors, 1 left on base; Bowie 5 - Northwest Arkansas 0 |
| TOP OF THE 4TH |
|
Bowie Baysox batting - Pitching for Northwest Arkansas Naturals : RHP Vinny Reveles
|
|
Batting: RHB Edwin Ramos
|
0-0: Called Strike 0-1: Ball 1-1: Ball 2-1: Ball 3-1: Base on Balls
|
|
Batting: RHB Travis Carter
|
0-0: SINGLE (Groundball, 6MD, EV 97.5 MPH) Edwin Ramos to second
|
|
Batting: RHB Julio Ehm
|
0-0: Grounds into double play, 1-6-3 (Groundball, 13S, EV 60.0 MPH) Edwin Ramos to third
|
|
Batting: RHB Ryan Taylor
|
0-0: Ball 1-0: Ball 2-0: SINGLE (Groundball, 56D, EV 98.1 MPH) Edwin Ramos scores
|
|
Batting: RHB Willie Manrique
|
0-0: Ball 1-0: Foul Ball, location: 2F 1-1: Fly out, F4 (Popup, 34, EV 80.0 MPH)
|
| Top of the 4th over - 1 run, 2 hits, 0 errors, 1 left on base; Bowie 6 - Northwest Arkansas 0 |
| BOTTOM OF THE 4TH |
|
Northwest Arkansas Naturals batting - Pitching for Bowie Baysox : RHP Ryan Hemmerich
|
|
Batting: RHB Kevin Roseen
|
0-0: Called Strike 0-1: Ball 1-1: Ball 2-1: DOUBLE (Line Drive, 89D, EV 111.9 MPH)
|
|
Batting: SHB Jason Anaya
|
0-0: Ball 1-0: Ball 2-0: Called Strike 2-1: Called Strike 2-2: Ball 3-2: Strikes out swinging
|
|
Batting: RHB Alex Cid
|
0-0: Ground out 6-3 (Groundball, 6, EV 85.0 MPH)
|
|
Batting: LHB Josh Moore
|
0-0: Foul Ball, location: 2F 0-1: Ball 1-1: Ball 2-1: Ball 3-1: Foul Ball, location: 2F 3-2: SINGLE (Groundball, 4S, EV 65.6 MPH) (infield hit) Kevin Roseen to third
|
|
Batting: RHB Kevin Allen
|
0-0: Foul Ball, location: 2F 0-1: SINGLE (Groundball, 6MD, EV 108.1 MPH) Kevin Roseen scores Josh Moore to second
|
|
Batting: RHB Ben Minge
|
0-0: Called Strike 0-1: Foul Ball, location: 2F 0-2: Ball 1-2: Ball 2-2: Hit by Pitch Josh Moore to third Kevin Allen to second
|
|
Batting: LHB Joel Page
|
0-0: Ball 1-0: Ball 2-0: Foul Ball, location: 2F 2-1: SINGLE (Groundball, 34D, EV 97.5 MPH) Josh Moore scores Kevin Allen to third Ben Minge to second Runner from 3rd tries for Home, SAFE, throw by RF to home
|
|
Batting: RHB Danny Weisse
|
0-0: Foul Ball, location: 2F 0-1: Ball 1-1: Foul Ball, location: 2F 1-2: Foul Ball, location: 2F 1-2: Ball 2-2: Fielders Choice at 2nd, 6-4 (Groundball, 6, EV 88.1 MPH)
|
| Bottom of the 4th over - 3 runs, 4 hits, 0 errors, 2 left on base; Bowie 6 - Northwest Arkansas 3 |
| TOP OF THE 5TH |
|
Bowie Baysox batting - Pitching for Northwest Arkansas Naturals : RHP Vinny Reveles
|
|
Pitching: RHP Matt Slater
|
|
|
Batting: RHB Vince Jackson
|
0-0: Foul Ball, location: 2F 0-1: Ball 1-1: Foul Ball, location: 2F 1-2: Fly out, F8 (Line Drive, 89D, EV 104.4 MPH)
|
|
Batting: RHB Jordan Wallace
|
0-0: Ball 1-0: Reached on error, E5 (Groundball, 56, EV 101.9 MPH)
|
|
Batting: RHB Ronnie Cummings
|
0-0: Foul Ball, location: 2F 0-1: Foul Ball, location: 2F 0-2: Grounds into double play, 6-4-3 (Groundball, 6, EV 106.2 MPH)
|
| Top of the 5th over - 0 runs, 0 hits, 1 error, 0 left on base; Bowie 6 - Northwest Arkansas 3 |
| BOTTOM OF THE 5TH |
|
Northwest Arkansas Naturals batting - Pitching for Bowie Baysox : RHP Ryan Hemmerich
|
|
Batting: RHB Yi-lin Niu
|
0-0: Ball 1-0: Foul Ball, location: 2F 1-1: Ball 2-1: Foul Ball, location: 2F 2-2: Strikes out swinging
|
|
Batting: RHB Kevin Roseen
|
0-0: Swinging Strike 0-1: Called Strike 0-2: Ball 1-2: Strikes out looking
|
|
Batting: SHB Jason Anaya
|
0-0: Ball 1-0: Ball 2-0: Ball 3-0: Base on Balls
|
|
Pitching: LHP Ryan Ayala
|
|
|
Batting: RHB Alex Cid
|
0-0: Ball 1-0: SINGLE (Flyball, 9LS, EV 93.8 MPH) Jason Anaya to second Runner from 2nd tries for 3rd, SAFE, throw by RF made to third
|
|
Batting: LHB Josh Moore
|
0-0: Ground out U3 (Groundball, 3, EV 103.8 MPH)
|
| Bottom of the 5th over - 0 runs, 1 hit, 0 errors, 2 left on base; Bowie 6 - Northwest Arkansas 3 |
| TOP OF THE 6TH |
|
Bowie Baysox batting - Pitching for Northwest Arkansas Naturals : RHP Matt Slater
|
|
Batting: RHB Andy Chess
|
0-0: Called Strike 0-1: SINGLE (Groundball, 34D, EV 95.6 MPH)
|
|
Batting: RHB Edwin Ramos
|
0-0: Fielders Choice at 2nd, 5-4 (Groundball, 56, EV 92.5 MPH)
|
|
Batting: RHB Travis Carter
|
0-0: Ball Pickoff Throw to First - Out! 1-3 1-0: Ball 2-0: Ball 3-0: Base on Balls
|
|
Batting: RHB Julio Ehm
|
0-0: Foul Ball, location: 2F 0-1: Ball 1-1: Swinging Strike 1-2: Ball 2-2: SINGLE (Groundball, 3D, EV 98.8 MPH) Travis Carter to second Runner from 2nd tries for 3rd, SAFE, throw by RF made to third
|
|
Pitching: RHP Matthew Orphan
|
|
|
Batting: RHB Ryan Taylor
|
0-0: Ball 1-0: SINGLE (Groundball, 34S, EV 88.8 MPH) (infield hit) Travis Carter scores Julio Ehm to second
|
|
Batting: RHB Willie Manrique
|
0-0: Ball 1-0: Called Strike 1-1: Ball 2-1: Foul Ball, location: 2F 2-2: Foul Ball, location: 2F 2-2: Strikes out swinging, 2-3 out at first.
|
| Top of the 6th over - 1 run, 3 hits, 0 errors, 2 left on base; Bowie 7 - Northwest Arkansas 3 |
| BOTTOM OF THE 6TH |
|
Northwest Arkansas Naturals batting - Pitching for Bowie Baysox : LHP Ryan Ayala
|
|
Batting: RHB Kevin Allen
|
0-0: Ball 1-0: Foul Ball, location: 2F 1-1: Ball 2-1: Ball 3-1: Base on Balls
|
|
Batting: RHB Ben Minge
|
0-0: Ball 1-0: Ball 2-0: Foul Ball, location: 2F 2-1: Foul Ball, location: 2F 2-2: Foul Ball, location: 2F 2-2: Ball 3-2: Strikes out swinging
|
|
Batting: LHB Joel Page
|
0-0: Ball 1-0: Ball Kevin Allen steals 2nd, throwing error, E2 Kevin Allen to third 2-0: Ball 3-0: Called Strike 3-1: Swinging Strike 3-2: Foul Ball, location: 2F 3-2: Foul Ball, location: 2F 3-2: Ground out 6-3 (Groundball, 6, EV 88.8 MPH) Kevin Allen scores
|
|
Batting: RHB Danny Weisse
|
0-0: Called Strike 0-1: Ball 1-1: Ball 2-1: Ball 3-1: Called Strike 3-2: Ground out 4-3 (Groundball, 4, EV 110.0 MPH)
|
| Bottom of the 6th over - 1 run, 0 hits, 1 error, 0 left on base; Bowie 7 - Northwest Arkansas 4 |
| TOP OF THE 7TH |
|
Bowie Baysox batting - Pitching for Northwest Arkansas Naturals : RHP Matthew Orphan
|
|
Batting: RHB Vince Jackson
|
0-0: Called Strike 0-1: Ball 1-1: Ball 2-1: SINGLE (Line Drive, 7S, EV 103.8 MPH)
|
|
Batting: RHB Jordan Wallace
|
0-0: Foul Ball, location: 2F 0-1: Grounds into double play, 6-4-3 (Groundball, 6, EV 95.6 MPH)
|
|
Batting: RHB Ronnie Cummings
|
0-0: Ball 1-0: Ball 2-0: Foul Ball, location: 2F 2-1: Foul Ball, location: 2F 2-2: Ball 3-2: Base on Balls
|
|
Pitching: RHP Joe Adelmann
|
|
|
Batting: RHB Andy Chess
|
0-0: Foul Ball, location: 2F 0-1: Foul Ball, location: 2F 0-2: Foul Ball, location: 2F 0-2: Ball 1-2: Ball 2-2: Ball 3-2: Foul Ball, location: 2F 3-2: Base on Balls Ronnie Cummings to second
|
|
Batting: RHB Edwin Ramos
|
0-0: Ball 1-0: Ball 2-0: Ball 3-0: Base on Balls Ronnie Cummings to third Andy Chess to second
|
|
Batting: RHB Travis Carter
|
0-0: Ball 1-0: Ball 2-0: Fielders Choice at 2nd, 6-4 (Groundball, 6, EV 95.0 MPH)
|
| Top of the 7th over - 0 runs, 1 hit, 0 errors, 3 left on base; Bowie 7 - Northwest Arkansas 4 |
| BOTTOM OF THE 7TH |
|
Northwest Arkansas Naturals batting - Pitching for Bowie Baysox : LHP Ryan Ayala
|
|
Batting: RHB Yi-lin Niu
|
0-0: Ball 1-0: Fly out, F5 (Line Drive, 56, EV 67.5 MPH)
|
|
Batting: RHB Kevin Roseen
|
0-0: Foul Ball, location: 2F 0-1: Called Strike 0-2: Ball 1-2: Ball 2-2: Strikes out swinging
|
|
Batting: SHB Jason Anaya
|
0-0: Called Strike 0-1: Swinging Strike 0-2: Strikes out swinging
|
| Bottom of the 7th over - 0 runs, 0 hits, 0 errors, 0 left on base; Bowie 7 - Northwest Arkansas 4 |
| TOP OF THE 8TH |
|
Bowie Baysox batting - Pitching for Northwest Arkansas Naturals : RHP Joe Adelmann
|
|
Pitching: RHP Tim Tucker
|
|
|
Batting: RHB Julio Ehm
|
0-0: Called Strike 0-1: Ground out 6-3 (Groundball, 6, EV 86.9 MPH)
|
|
Batting: RHB Ryan Taylor
|
0-0: Ball 1-0: Ball 2-0: Foul Ball, location: 2F 2-1: Ball 3-1: Base on Balls
|
|
Batting: RHB Willie Manrique
|
0-0: Ball 1-0: Fly out, F9 (Flyball, 9S, EV 78.8 MPH)
|
|
Batting: RHB Vince Jackson
|
0-0: Foul Ball, location: 2F 0-1: Foul Ball, location: 2F 0-2: Ball 1-2: Strikes out swinging
|
| Top of the 8th over - 0 runs, 0 hits, 0 errors, 1 left on base; Bowie 7 - Northwest Arkansas 4 |
| BOTTOM OF THE 8TH |
|
Northwest Arkansas Naturals batting - Pitching for Bowie Baysox : LHP Ryan Ayala
|
|
Pitching: LHP Taylor Sightler
|
|
|
Batting: RHB Alex Cid
|
0-0: Foul Ball, location: 2F 0-1: Swinging Strike 0-2: Strikes out swinging
|
|
Batting: LHB Josh Moore
|
0-0: Ball 1-0: Ball 2-0: Swinging Strike 2-1: Swinging Strike 2-2: Strikes out swinging
|
|
Batting: RHB Kevin Allen
|
0-0: Called Strike 0-1: Ball 1-1: Ball 2-1: SINGLE (Groundball, 5S, EV 97.5 MPH)
|
|
Batting: RHB Ben Minge
|
0-0: Ball 1-0: Ball 2-0: Foul Ball, location: 2F 2-1: Foul Ball, location: 2F 2-2: Foul Ball, location: 2F 2-2: Strikes out swinging
|
| Bottom of the 8th over - 0 runs, 1 hit, 0 errors, 1 left on base; Bowie 7 - Northwest Arkansas 4 |
| TOP OF THE 9TH |
|
Bowie Baysox batting - Pitching for Northwest Arkansas Naturals : RHP Tim Tucker
|
|
Batting: RHB Jordan Wallace
|
0-0: Called Strike 0-1: SINGLE (Groundball, 4MD, EV 95.6 MPH)
|
|
Batting: RHB Ronnie Cummings
|
0-0: Ball 1-0: Ball 2-0: Ball 3-0: Called Strike 3-1: Base on Balls Jordan Wallace to second
|
|
Batting: RHB Andy Chess
|
0-0: Called Strike 0-1: Called Strike 0-2: SINGLE (Line Drive, 7LS, EV 93.8 MPH) Jordan Wallace to third Ronnie Cummings to second
|
|
Batting: RHB Edwin Ramos
|
0-0: Swinging Strike 0-1: SINGLE (Flyball, 8LXD, EV 93.1 MPH) Jordan Wallace scores Ronnie Cummings to third Andy Chess to second
|
|
Batting: RHB Travis Carter
|
0-0: Ball 1-0: DOUBLE (Groundball, 5L, EV 110.6 MPH) Ronnie Cummings scores Andy Chess scores Edwin Ramos to third
|
|
Batting: RHB Julio Ehm
|
0-0: 3-RUN HOME RUN (Line Drive, 7D, EV 95.6 MPH), Distance : 379 ft
|
|
Pinch Hitting: LHB Andrew Erens
|
0-0: Ball 1-0: Ball 2-0: Ball 3-0: Base on Balls
|
|
Batting: RHB Willie Manrique
|
0-0: Ball 1-0: Ball 2-0: Swinging Strike 2-1: Ball 3-1: Base on Balls Andrew Erens to second
|
|
Batting: RHB Vince Jackson
|
0-0: Called Strike 0-1: DOUBLE (Line Drive, 9LD, EV 96.2 MPH) Andrew Erens scores Willie Manrique to third
|
|
Batting: RHB Jordan Wallace
|
0-0: Ball 1-0: Ball 2-0: Foul Ball, location: 2F 2-1: DOUBLE (Line Drive, 78D, EV 108.8 MPH) Willie Manrique scores Vince Jackson scores
|
|
Batting: RHB Ronnie Cummings
|
0-0: Ball 1-0: Called Strike 1-1: Swinging Strike 1-2: Ball 2-2: Foul Ball, location: 2F 2-2: Ball 3-2: Strikes out looking
|
|
Batting: RHB Andy Chess
|
0-0: Fly out, F4 (Line Drive, 4M, EV 69.4 MPH)
|
|
Batting: RHB Edwin Ramos
|
0-0: Foul Ball, location: 2F 0-1: Called Strike 0-2: Ball 1-2: Strikes out swinging
|
| Top of the 9th over - 9 runs, 7 hits, 0 errors, 1 left on base; Bowie 16 - Northwest Arkansas 4 |
| BOTTOM OF THE 9TH |
|
Northwest Arkansas Naturals batting - Pitching for Bowie Baysox : LHP Taylor Sightler
|
|
Now in CF: Andrew Erens
|
|
|
Batting: LHB Joel Page
|
0-0: Ball 1-0: Ball 2-0: Ball 3-0: Base on Balls
|
|
Batting: RHB Danny Weisse
|
0-0: Ball 1-0: Foul Ball, location: 2F 1-1: Foul Ball, location: 2F 1-2: Ball 2-2: Foul Ball, location: 2F 2-2: Foul Ball, location: 2F 2-2: Ball 3-2: Base on Balls Joel Page to second
|
|
Batting: RHB Yi-lin Niu
|
0-0: SINGLE (Groundball, 25, EV 63.1 MPH) (infield hit) Joel Page to third Danny Weisse to second
|
|
Batting: RHB Kevin Roseen
|
0-0: Called Strike 0-1: Ball 1-1: Ball 2-1: Called Strike 2-2: Foul Ball, location: 2F 2-2: Strikes out swinging
|
|
Batting: SHB Jason Anaya
|
0-0: Ball 1-0: Ball 2-0: Ball 3-0: Base on Balls Joel Page scores Danny Weisse to third Yi-lin Niu to second
|
|
Batting: RHB Alex Cid
|
0-0: Grounds into double play, 6-4-3 (Groundball, 6, EV 84.4 MPH)
|
| Bottom of the 9th over - 1 run, 1 hit, 0 errors, 2 left on base; Bowie 16 - Northwest Arkansas 5 |
|